[ AOE2 MATCH · #495466749 ]
UnrankedVikings vs Saracens
Player's team · WIN
Rival team · LOSS
[ REPLAY ANALYSIS · EXTRACTED FROM THE RECORDED GAME ]
Feudal
9:42
Castle
20:26
Imperial
—
| APM avg | 50.4 |
| APM peak | 74 |
| eAPM avg | 22.6 |
| Villagers / military | 65 / 63 |
Focus
⚔️ 44.6% · 🌾 55.4%
Skirmisher ×26 · Archer ×17 · Mangonel ×13 · Battering Ram ×6 · Spearman ×1
Feudal
12:26
Castle
16:22
Imperial
—
| APM avg | 56.0 |
| APM peak | 101 |
| eAPM avg | 27.6 |
| Villagers / military | 86 / 50 |
Focus
⚔️ 39.9% · 🌾 60.1%
Skirmisher ×22 · Archer ×19 · Mangonel ×5 · Militia ×3 · Spearman ×1
Match map
Initial resources + every placement click. Lines = walls · curves = elevation contours. ◆ gold · ⬟ stone · ● berries · ✦ relic · ◌ wall gap
Your base· ✓ Closed at 20:26 · 67t walls · no gate
[JA]Xerxes's base· ✓ Closed at 16:22 · 50t walls · no gate
Smoothed initial terrain · ◌ = detected wall gap · hover for details
Inputs per minute
— buddybadi - - [JA]Xerxes
Build order — buddybadi
First 150 of 238 actions detected
| 0:00 | Create | Villager (Male) |
| 0:01 | Create | Villager (Male) |
| 0:01 | Create | Villager (Male) |
| 0:02 | Build | House |
| 0:04 | Build | House |
| 0:27 | Create | Villager (Male) |
| 1:28 | Create | Villager (Male) |
| 1:54 | Build | Lumber Camp |
| 2:00 | Create | Villager (Male) |
| 2:19 | Create | Villager (Male) |
| 2:46 | Create | Villager (Male) |
| 3:09 | Create | Villager (Male) |
| 3:44 | Create | Villager (Male) |
| 3:52 | Build | House |
| 4:07 | Create | Villager (Male) |
| 4:21 | Build | Mill |
| 4:32 | Create | Villager (Male) |
| 4:49 | Create | Villager (Male) |
| 5:20 | Create | Villager (Male) |
| 5:52 | Create | Villager (Male) |
| 6:02 | Build | House |
| 6:11 | Create | Villager (Male) |
| 6:38 | Create | Villager (Male) |
| 6:49 | Build | Palisade Wall |
| 6:51 | Build | Palisade Wall |
| 7:03 | Research | Loom |
| 7:10 | Build | Palisade Wall |
| 7:16 | Research | Feudal Age |
| 7:29 | Build | Palisade Wall |
| 7:35 | Build | Palisade Wall |
| 7:40 | Build | Palisade Wall |
| 7:57 | Build | Palisade Wall |
| 8:05 | Build | Palisade Wall |
| 8:07 | Build | Palisade Wall |
| 8:10 | Build | House |
| 8:34 | Build | Barracks |
| 8:44 | Build | Palisade Wall |
| 8:46 | Build | Barracks |
| 8:52 | Build | Palisade Wall |
| 8:54 | Build | Palisade Wall |
| 8:58 | Create | Villager (Male) |
| 9:01 | Build | Palisade Wall |
| 9:27 | Build | House |
| 9:31 | Build | Palisade Wall |
| 9:35 | Create | Villager (Male) |
| 9:42 | Age | Feudal Age |
| 9:48 | Build | Archery Range |
| 9:50 | Create | Villager (Male) |
| 9:56 | Research | Double-Bit Axe |
| 9:58 | Build | Mining Camp |
| 10:15 | Create | Spearman |
| 10:19 | Create | Villager (Male) |
| 10:30 | Create | Archer |
| 10:34 | Build | House |
| 10:37 | Build | House |
| 10:38 | Build | Palisade Wall |
| 10:53 | Build | Farm |
| 11:00 | Create | Archer |
| 11:05 | Create | Villager (Male) |
| 11:17 | Build | Farm |
| 11:39 | Create | Villager (Male) |
| 11:40 | Create | Archer |
| 11:42 | Build | Farm |
| 12:03 | Create | Archer |
| 12:09 | Create | Villager (Male) |
| 12:33 | Create | Villager (Male) |
| 12:40 | Create | Archer |
| 12:44 | Build | Farm |
| 12:46 | Build | Farm |
| 12:50 | Build | Farm |
| 12:58 | Create | Villager (Male) |
| 13:06 | Build | Blacksmith |
| 13:19 | Build | House |
| 13:20 | Build | House |
| 13:28 | Create | Villager (Male) |
| 13:30 | Create | Archer |
| 13:48 | Build | Farm |
| 13:51 | Create | Villager (Male) |
| 13:53 | Research | Fletching |
| 13:54 | Create | Archer |
| 14:11 | Build | Farm |
| 14:20 | Build | House |
| 14:25 | Create | Villager (Male) |
| 14:29 | Create | Archer |
| 14:50 | Create | Villager (Male) |
| 14:52 | Build | Farm |
| 15:08 | Create | Villager (Male) |
| 15:09 | Create | Archer |
| 15:34 | Create | Villager (Male) |
| 15:37 | Create | Archer |
| 15:41 | Build | Farm |
| 15:42 | Build | Farm |
| 15:56 | Create | Villager (Male) |
| 15:57 | Create | Archer |
| 16:03 | Build | Farm |
| 16:17 | Create | Villager (Male) |
| 16:20 | Build | Farm |
| 16:29 | Build | Archery Range |
| 16:42 | Create | Skirmisher |
| 16:42 | Create | Skirmisher |
| 16:47 | Build | Farm |
| 16:58 | Build | House |
| 17:04 | Build | Stone Wall |
| 17:07 | Build | Stone Wall |
| 17:14 | Create | Villager (Male) |
| 17:17 | Build | Stone Wall |
| 17:20 | Build | Stone Wall |
| 17:34 | Create | Skirmisher |
| 17:46 | Research | Castle Age |
| 17:58 | Create | Skirmisher |
| 17:58 | Create | Skirmisher |
| 18:22 | Build | Lumber Camp |
| 18:24 | Create | Skirmisher |
| 18:24 | Create | Skirmisher |
| 18:43 | Build | Lumber Camp |
| 18:57 | Create | Skirmisher |
| 18:57 | Create | Skirmisher |
| 18:59 | Research | Padded Archer Armor |
| 19:10 | Build | Stone Wall |
| 19:14 | Build | Stone Wall |
| 19:28 | Create | Skirmisher |
| 19:28 | Create | Skirmisher |
| 19:32 | Build | House |
| 19:50 | Create | Skirmisher |
| 19:50 | Create | Skirmisher |
| 20:10 | Build | Farm |
| 20:12 | Create | Skirmisher |
| 20:12 | Create | Skirmisher |
| 20:26 | Age | Castle Age |
| 20:29 | Research | Elite Skirmisher (upgrade) |
| 20:30 | Research | Bodkin Arrow |
| 20:54 | Create | Villager (Male) |
| 21:01 | Build | House |
| 21:06 | Build | Farm |
| 21:09 | Build | University |
| 21:10 | Build | House |
| 21:15 | Create | Villager (Male) |
| 21:32 | Create | Villager (Male) |
| 21:38 | Build | Siege Workshop |
| 21:48 | Build | Farm |
| 21:49 | Build | Farm |
| 21:59 | Create | Archer |
| 22:00 | Create | Archer |
| 22:05 | Create | Villager (Male) |
| 22:14 | Create | Villager (Male) |
| 22:14 | Create | Villager (Male) |
| 22:18 | Research | Ballistics |
| 22:18 | Research | Ballistics |
| 22:38 | Build | House |
| 22:45 | Create | Villager (Male) |
Build order — [JA]Xerxes
First 150 of 243 actions detected
| 0:01 | Create | Villager (Male) |
| 0:01 | Create | Villager (Male) |
| 0:02 | Build | House |
| 0:03 | Build | House |
| 0:20 | Create | Villager (Male) |
| 0:52 | Create | Villager (Male) |
| 1:26 | Create | Villager (Male) |
| 1:44 | Build | Lumber Camp |
| 1:49 | Create | Villager (Male) |
| 2:23 | Create | Villager (Male) |
| 2:44 | Create | Villager (Male) |
| 3:20 | Create | Villager (Male) |
| 3:23 | Create | Villager (Male) |
| 3:53 | Build | House |
| 4:06 | Create | Villager (Male) |
| 4:28 | Build | Barracks |
| 4:33 | Create | Villager (Male) |
| 4:53 | Create | Villager (Male) |
| 4:54 | Build | House |
| 5:14 | Build | House |
| 5:15 | Build | Palisade Wall |
| 5:20 | Create | Militia |
| 5:24 | Create | Villager (Male) |
| 5:26 | Create | Militia |
| 5:51 | Create | Villager (Male) |
| 6:08 | Create | Militia |
| 6:15 | Build | Palisade Wall |
| 6:18 | Research | Loom |
| 6:25 | Build | Mill |
| 6:33 | Create | Villager (Male) |
| 6:48 | Build | Palisade Wall |
| 6:51 | Create | Villager (Male) |
| 6:57 | Create | Villager (Male) |
| 7:02 | Build | House |
| 7:13 | Create | Villager (Male) |
| 7:50 | Build | Palisade Wall |
| 7:55 | Build | Farm |
| 8:18 | Build | Palisade Wall |
| 8:20 | Build | Palisade Wall |
| 8:22 | Create | Villager (Male) |
| 8:25 | Build | Farm |
| 8:44 | Create | Villager (Male) |
| 8:58 | Build | Farm |
| 9:26 | Create | Villager (Male) |
| 9:35 | Build | Farm |
| 9:36 | Create | Villager (Male) |
| 9:49 | Build | House |
| 9:50 | Build | Palisade Wall |
| 10:03 | Build | Farm |
| 10:14 | Research | Feudal Age |
| 10:33 | Build | Mining Camp |
| 11:13 | Build | Farm |
| 11:41 | Build | Farm |
| 12:09 | Create | Villager (Male) |
| 12:26 | Age | Feudal Age |
| 12:28 | Create | Spearman |
| 12:32 | Build | Market |
| 12:39 | Build | Archery Range |
| 12:44 | Create | Villager (Male) |
| 13:17 | Create | Villager (Male) |
| 13:35 | Research | Castle Age |
| 13:44 | Create | Archer |
| 13:52 | Build | House |
| 14:12 | Build | Archery Range |
| 14:14 | Create | Archer |
| 14:33 | Build | Palisade Wall |
| 14:54 | Create | Archer |
| 14:56 | Build | Palisade Wall |
| 14:59 | Create | Archer |
| 15:13 | Build | Blacksmith |
| 15:41 | Create | Archer |
| 15:42 | Create | Archer |
| 15:58 | Create | Archer |
| 15:58 | Research | Fletching |
| 15:59 | Research | Double-Bit Axe |
| 16:22 | Age | Castle Age |
| 16:29 | Research | Bodkin Arrow |
| 16:35 | Create | Villager (Male) |
| 16:38 | Create | Villager (Male) |
| 17:15 | Build | University |
| 17:16 | Research | Crossbowman (upgrade) |
| 17:25 | Create | Archer |
| 17:25 | Create | Archer |
| 17:29 | Create | Villager (Male) |
| 17:41 | Create | Archer |
| 17:45 | Build | House |
| 17:57 | Create | Villager (Male) |
| 18:34 | Create | Villager (Male) |
| 18:35 | Research | Ballistics |
| 18:51 | Build | Farm |
| 18:53 | Create | Archer |
| 18:54 | Create | Archer |
| 19:02 | Create | Villager (Male) |
| 19:05 | Build | Farm |
| 19:16 | Research | Padded Archer Armor |
| 19:18 | Build | Farm |
| 19:25 | Create | Archer |
| 19:25 | Create | Archer |
| 19:32 | Create | Villager (Male) |
| 19:36 | Build | House |
| 19:36 | Build | House |
| 19:43 | Create | Archer |
| 20:10 | Create | Villager (Male) |
| 20:24 | Create | Archer |
| 20:24 | Create | Archer |
| 20:28 | Create | Villager (Male) |
| 20:42 | Build | Farm |
| 20:43 | Build | Farm |
| 20:45 | Research | Horse Collar |
| 20:59 | Build | Farm |
| 21:13 | Create | Villager (Male) |
| 21:18 | Build | Town Center |
| 21:28 | Create | Villager (Male) |
| 21:33 | Build | Farm |
| 21:38 | Create | Archer |
| 21:38 | Create | Archer |
| 21:44 | Build | Farm |
| 22:16 | Create | Villager (Male) |
| 22:20 | Build | Farm |
| 22:43 | Research | Elite Skirmisher (upgrade) |
| 22:47 | Create | Villager (Male) |
| 22:54 | Build | Farm |
| 22:54 | Build | Farm |
| 22:57 | Create | Villager (Male) |
| 22:58 | Create | Villager (Male) |
| 23:11 | Build | Lumber Camp |
| 23:15 | Build | House |
| 23:21 | Create | Skirmisher |
| 23:22 | Create | Skirmisher |
| 23:50 | Research | Leather Archer Armor |
| 23:52 | Create | Skirmisher |
| 23:52 | Create | Skirmisher |
| 24:00 | Build | Farm |
| 24:02 | Build | Farm |
| 24:08 | Create | Villager (Male) |
| 24:11 | Create | Skirmisher |
| 24:11 | Create | Skirmisher |
| 24:18 | Create | Villager (Male) |
| 24:27 | Build | Farm |
| 24:37 | Research | Bow Saw |
| 24:38 | Research | Bow Saw |
| 24:42 | Create | Skirmisher |
| 24:55 | Create | Villager (Male) |
| 25:10 | Create | Villager (Male) |
| 25:12 | Build | Farm |
| 25:13 | Build | Farm |
| 25:13 | Create | Villager (Male) |
| 25:23 | Create | Skirmisher |
| 25:23 | Create | Skirmisher |
| 25:27 | Build | Palisade Gate |
Match timeline
| 4:28 | [JA]Xerxes · first_building Barracks |
| 5:15 | [JA]Xerxes · wall_segment Palisade Wall x2 |
| 6:15 | [JA]Xerxes · wall_segment Palisade Wall x7 |
| 6:48 | [JA]Xerxes · wall_segment Palisade Wall x13 |
| 6:49 | buddybadi · wall_segment Palisade Wall x3 |
| 6:51 | buddybadi · wall_segment Palisade Wall x9 |
| 7:10 | buddybadi · wall_segment Palisade Wall x1 |
| 7:29 | buddybadi · wall_segment Palisade Wall x1 |
| 7:35 | buddybadi · wall_segment Palisade Wall x1 |
| 7:40 | buddybadi · wall_segment Palisade Wall x1 |
| 7:50 | [JA]Xerxes · wall_segment Palisade Wall x10 |
| 7:57 | buddybadi · wall_segment Palisade Wall x6 |
| 8:05 | buddybadi · wall_segment Palisade Wall x4 |
| 8:07 | buddybadi · wall_segment Palisade Wall x1 |
| 8:18 | [JA]Xerxes · wall_segment Palisade Wall x2 |
| 8:20 | [JA]Xerxes · wall_segment Palisade Wall x12 |
| 8:34 | buddybadi · first_building Barracks |
| 8:44 | buddybadi · wall_segment Palisade Wall x2 |
| 8:52 | buddybadi · wall_segment Palisade Wall x7 |
| 8:54 | buddybadi · wall_segment Palisade Wall x1 |
| 9:01 | buddybadi · wall_segment Palisade Wall x1 |
| 9:31 | buddybadi · wall_segment Palisade Wall x1 |
| 9:42 | buddybadi · age_up feudal |
| 9:48 | buddybadi · first_building Archery Range |
| 9:50 | [JA]Xerxes · wall_segment Palisade Wall x1 |
| 10:38 | buddybadi · wall_segment Palisade Wall x1 |
| 12:26 | [JA]Xerxes · age_up feudal |
| 12:39 | [JA]Xerxes · first_building Archery Range |
| 13:33 | [JA]Xerxes · first_market_sell 100 stone |
| 13:34 | [JA]Xerxes · first_market_buy 100 food |
| 14:33 | [JA]Xerxes · wall_segment Palisade Wall x2 |
| 14:56 | [JA]Xerxes · wall_segment Palisade Wall x2 |
| 16:22 | [JA]Xerxes · age_up castle |
| 17:04 | buddybadi · wall_segment Stone Wall x6 |
| 17:07 | buddybadi · wall_segment Stone Wall x1 |
| 17:17 | buddybadi · wall_segment Stone Wall x4 |
| 17:20 | buddybadi · wall_segment Stone Wall x8 |
| 19:10 | buddybadi · wall_segment Stone Wall x5 |
| 19:14 | buddybadi · wall_segment Stone Wall x4 |
| 20:26 | buddybadi · age_up castle |
| 21:38 | buddybadi · first_building Siege Workshop |
| 26:46 | [JA]Xerxes · first_building Siege Workshop |
| 34:36 | buddybadi · first_building Castle |
| 35:09 | buddybadi · first_market_sell 100 food |
| 36:25 | [JA]Xerxes · resign |
[ AI ANALYSIS · 1 CREDIT ]
What really happened in this match?
Wolo.gg analyzes every decision: build order, eco, micro, common mistakes by bracket. Personalized analysis on WhatsApp or Discord in 30 seconds.
Civ guide
Vikings
Perfil
buddybadi